[Event "Early-Titled-Tuesday-Blitz-March-19-2024"]
[Site "Chess.com"]
[Date "2024.03.19"]
[Round "1"]
[White "FARIZA2018"]
[Black "cardiganbyts"]
[Result "1-0"]
[WhiteElo "2582"]
[BlackElo "1860"]
[TimeControl "180+1"]
[EndTime "8:05:38 PDT"]
[Termination "FARIZA2018 won by checkmate"]

1. e4 c6 2. d4 d5 3. Nc3 dxe4 4.
Nxe4 Nf6 5. Nxf6+ exf6 6. c3 Bd6 7. Bd3 O-O 8. Qc2 Re8+ 9. Ne2 h5 10. O-O Nd7 11. Bf4 Nf8 12. Bxd6 Qxd6 13. Rad1 h4 14. h3 Be6 15. c4 Rad8 16. Nc3 Qd7 17. d5 Bxh3 18.
gxh3 Qxh3 19. f3 Re5 20. Qh2 Rg5+ 21. Kh1 Qc8 22. Ne4 Rh5 23. d6 f5 24. Nf2 Qe6 25.
c5 Ng6 26. b3 Ne5 27. Rfe1 f6 28. Bc4 Qxc4 29. bxc4 Nxf3 30. Qg2 Nxe1 31. Rxe1 g5 32. Re7 g4 33. Nxg4 fxg4 34. Qxg4+ Rg5 35. Qe6+ Kf8 36.
Qf7# 1-0

[Event "Early-Titled-Tuesday-Blitz-March-19-2024"]
[Site "Chess.com"]
[Date "2024.03.19"]
[Round "1"]
[White "ZenBull"]
[Black "Noki102"]
[Result "1-0"]
[WhiteElo "2315"]
[BlackElo "2610"]
[TimeControl "180+1"]
[EndTime "8:05:40 PDT"]
[Termination "ZenBull won on time"]

1. c4 e5 2. e3 Nc6 3. Nc3 Nf6 4. d3 g6 5. Nf3 Bg7 6. Be2 O-O 7. O-O Re8 8. a3 d5 9. cxd5 Nxd5 10. Qc2 a6 11.
Bd2 Bf5 12. Nxd5 Qxd5 13. e4 Qe6 14. exf5 gxf5 15. Rfe1 Rad8 16. Bc3 Qg6 17. Bf1 Rd5 18. Rad1 Red8 19. Nd2 b5 20. Nf3 a5 21. b4 a4 22. Bb2 e4 23. dxe4 Rxd1 24. Rxd1 Rxd1 25. Bxg7 Rxf1+ 26. Kxf1 Kxg7 27. exf5 Qf6 28. g4 Ne7 29. Kg2 Nd5 30. Qd2 c6 31. Qd4 1-0

[Event "Early-Titled-Tuesday-Blitz-March-19-2024"]
[Site "Chess.com"]
[Date "2024.03.19"]
[Round "1"]
[White "GMG"]
[Black "Zheenbekov86"]
[Result "1/2-1/2"]
[WhiteElo "2782"]
[BlackElo "2437"]
[TimeControl "180+1"]
[EndTime "8:05:41 PDT"]
[Termination "Game drawn by repetition"]

1. d4 Nf6 2. c4 g6 3. Nc3 Bg7 4. e4 d6 5. f3 O-O 6. Nge2 c5 7. d5 Na6 8. Ng3 Nc7 9. Bd3 a6 10. a4 b6 11. O-O Rb8 12. Bg5 Bd7 13. Qd2 b5 14.
axb5 axb5 15. f4 bxc4 16. Bxc4 Rb4 17. b3 Bb5 18. Nxb5 Nxb5 19. Rae1 Nd7 20. e5 f6 21.
exf6 exf6 22. Bh4 Nd4 23. Ne4 Nb6 24. Qd3 Nxc4 25. bxc4 Rb3 26. Qd1 Qb6 27. Bf2 Rb4 28. Qd3 Rb3 29. Qd1 Rb4 30. Qd3 Rb3 31. Qd1 1/2-1/2

[Event "Early-Titled-Tuesday-Blitz-March-19-2024"]
[Site "Chess.com"]
[Date "2024.03.19"]
[Round "1"]
[White "KorolDimitriy75"]
[Black "GoltsevDmitry2000"]
[Result "0-1"]
[WhiteElo "2418"]
[BlackElo "2767"]
[TimeControl "180+1"]
[EndTime "8:05:42 PDT"]
[Termination "GoltsevDmitry2000 won on time"]

1. d4 e6 2. c4 d5 3. Nc3 Nf6 4.
Bg5 dxc4 5. e4 Be7 6. Bxc4 c5 7. Nf3 cxd4 8. Qxd4 Qxd4 9. Nxd4 a6 10. f3 b5 11. Bb3 Bb7 12. Ke2 Nbd7 13. Rac1 h6 14. Be3 Nc5 15. Bc2 O-O 16. Rhd1 Rfd8 17. b4 Ncd7 18. a3 Ne5 19. Bb3 Rac8 20. Nxe6 Rxd1 21. Kxd1 a5 22. Nd4 axb4 23. axb4 Bxb4 24. Ncxb5 Rd8 25. Ke2 Ba6 26. Rc7 Rxd4 27. Bxd4 Bxb5+ 28. Ke3 Bd6 29. Bxe5 Bxe5 30. Rxf7 Kh7 31. g3 Bb2 32. Rb7 Bc1+ 33.
Kd4 Be2 34. f4 Bf3 35. Bc2 Ng4 36. e5+ Kg8 37. Bg6 Bxb7 0-1

[Event "Early-Titled-Tuesday-Blitz-March-19-2024"]
[Site "Chess.com"]
[Date "2024.03.19"]
[Round "1"]
[White "bennyficial"]
[Black "SmirnovAlexandrA"]
[Result "0-1"]
[WhiteElo "2118"]
[BlackElo "2598"]
[TimeControl "180+1"]
[EndTime "8:05:42 PDT"]
[Termination "SmirnovAlexandrA won by checkmate"]

1. Nf3 Nf6 2. c4 g6 3. b3 Bg7 4.
Bb2 O-O 5. g3 c5 6. Bg2 Nc6 7. O-O d6 8. d4 cxd4 9. Nxd4 Bd7 10.
Nc3 Nxd4 11. Qxd4 Bc6 12. Nd5 Bxd5 13. cxd5 Nh5 14. Qd2 Bxb2 15. Qxb2 Nf6 16. Rac1 Qa5 17. Rfd1 Rac8 18. b4 Qb5 19. e4 Nd7 20. Bh3 Rxc1 21.
Rxc1 Ne5 22. Bf1 Qb6 23. Kg2 f5 24. exf5 gxf5 25. a3 f4 26. Rd1 Qc7 27. Qd4 Qd7 28. Bd3 Qg4 29. h3 Qf3+ 30. Kh2 Rf6 31. Rg1 Ng4+ 32.
hxg4 Rh6# 0-1

[Event "Early-Titled-Tuesday-Blitz-March-19-2024"]
[Site "Chess.com"]
[Date "2024.03.19"]
[Round "1"]
[White "Massakru"]
[Black "Szparu"]
[Result "0-1"]
[WhiteElo "2439"]
[BlackElo "2804"]
[TimeControl "180+1"]
[EndTime "8:05:44 PDT"]
[Termination "Szparu won on time"]

1. e4 c5 2. Nf3 a6 3. c3 e6 4. d4 d5 5. exd5 exd5 6. dxc5 Bxc5 7. Nbd2 Nf6 8. Nb3 Ba7 9. Be2 O-O 10. O-O Ne4 11. Nbd4 Nc6 12. Be3 Ne7 13. Re1 Ng6 14.
Qb3 Re8 15. Rad1 Qd6 16. g3 Bh3 17. Ng5 Nxg5 18. Bxg5 h6 19. Be3 Ne5 20. Bf1 Bxd4 21. Bxh3 Nf3+ 22. Kh1 Nxe1 23. Bxd4 Nf3 24. Be3 Rad8 25.
Bg2 Ne5 26. Bxd5 Qf6 27. Qxb7 Ng4 28. Bf3 Rxd1+ 29. Bxd1 Nxe3 30. Bb3 Qxf2 0-1

[Event "Early-Titled-Tuesday-Blitz-March-19-2024"]
[Site "Chess.com"]
[Date "2024.03.19"]
[Round "1"]
[White "DonkyDonkyDonkey"]
[Black "noblerone"]
[Result "1-0"]
[WhiteElo "2969"]
[BlackElo "2535"]
[TimeControl "180+1"]
[EndTime "8:05:48 PDT"]
[Termination "DonkyDonkyDonkey won on time"]

1. e4 c5 2. Nc3 e6 3. f4 Nc6 4. Nf3 Nf6 5. e5 Ng4 6. Bb5 Qc7 7. O-O h5 8. Ne4 d5 9. exd6 Bxd6 10. Nxd6+ Qxd6 11. d3 Bd7 12. h3 O-O-O 13. Qe1 Nf6 14. Be3 Nd4 15. Bxd7+ Rxd7 16. Bxd4 cxd4 17. Ne5 Rc7 18.
Nc4 Qd5 19. a4 h4 20. b4 Kb8 21. b5 Qd8 22. a5 Nd5 23. b6 Rc6 24. bxa7+ Kxa7 25. Qf2 Ne7 26. Ne5 Nf5 27. Nxc6+ bxc6 28. Rfb1 Qd5 29. a6 Rh6 30. Rb7+ Ka8 31. c4 Qd6 32.
Rab1 Rg6 33. Qb2 1-0

[Event "Early-Titled-Tuesday-Blitz-March-19-2024"]
[Site "Chess.com"]
[Date "2024.03.19"]
[Round "1"]
[White "Byniolus"]
[Black "vladoboch"]
[Result "1-0"]
[WhiteElo "2818"]
[BlackElo "2447"]
[TimeControl "180+1"]
[EndTime "8:05:49 PDT"]
[Termination "Byniolus won by resignation"]

1. d4 d5 2. Nf3 Nf6 3. Bf4 c5 4. c3 Nc6 5. Nbd2 Bf5 6. Qb3 Qb6 7. dxc5 Qxb3 8. axb3 Nd7 9. b4 e5 10. Bg3 e4 11. Nd4 Nxd4 12. cxd4 h5 13. h4 Be7 14. e3 O-O 15. Be2 a6 16. Bxh5 Nb8 17. b5 a5 18. O-O Nd7 19. Bd1 Rfc8 20. Bb3 Nf6 21. Nb1 Be6 22. Nc3 Kf8 23. Be5 Rd8 24. b6 Ng4 25.
Bg3 Nf6 26. Ra2 Nh5 27. Bc7 Rd7 28. g3 Bh3 29. Rfa1 Bd8 1-0

[Event "Early-Titled-Tuesday-Blitz-March-19-2024"]
[Site "Chess.com"]
[Date "2024.03.19"]
[Round "1"]
[White "MetiForce"]
[Black "Chess_Gainz"]
[Result "1-0"]
[WhiteElo "2921"]
[BlackElo "2518"]
[TimeControl "180+1"]
[EndTime "8:05:50 PDT"]
[Termination "MetiForce won by resignation"]

1. c4 e5 2. Nc3 d6 3. e3 f5 4.
d4 Be7 5. g3 Nf6 6. Nf3 e4 7.
Nh4 O-O 8. Ng2 c6 9. h4 Na6 10. Nf4 Nc7 11. Be2 Ne6 12. Qb3 a6 13. a4 Rb8 14. d5 Nxf4 15. exf4 Nd7 16. Be3 Bf6 17. a5 Qc7 18. O-O Nc5 19. Qa3 Bxc3 20. Qxc3 cxd5 21.
cxd5 Qd8 22. b4 Nd7 23. Ba7 Ra8 24. Bd4 Nf6 25. Rac1 Rf7 26. Rfd1 Nxd5 27. Qb3 Be6 28. Bc4 Nxf4 29. Bxe6 Nxe6 30. Qxe6 1-0

[Event "Early-Titled-Tuesday-Blitz-March-19-2024"]
[Site "Chess.com"]
[Date "2024.03.19"]
[Round "1"]
[White "nabukatnezarr"]
[Black "GM_dmitrij"]
[Result "0-1"]
[WhiteElo "2565"]
[BlackElo "3073"]
[TimeControl "180+1"]
[EndTime "8:05:53 PDT"]
[Termination "GM_dmitrij won on time"]

1. e4 c6 2. Nc3 d5 3. Nf3 dxe4 4.
Nxe4 Nf6 5. Qe2 Na6 6. Nxf6+ gxf6 7. g3 Nb4 8. d3 Bg4 9. Bg2 Qd5 10. Kd1 Qd7 11.
h3 Bh5 12. a3 Nd5 13. Ke1 O-O-O 14. Kf1 e6 15. Bd2 Bc5 16. Kg1 Rhg8 17. Kh2 Qc7 18.
b4 Bd6 19. c4 Bxg3+ 20. Kg1 Nf4 21. Bxf4 Bxf4 22. Kf1 Rg7 23. Qb2 Rdg8 24. Nh4 f5 25. Re1 Qd8 0-1

[Event "Early-Titled-Tuesday-Blitz-March-19-2024"]
[Site "Chess.com"]
[Date "2024.03.19"]
[Round "1"]
[White "leandrojimenez"]
[Black "Gabix_94"]
[Result "0-1"]
[WhiteElo "2418"]
[BlackElo "2774"]
[TimeControl "180+1"]
[EndTime "8:05:53 PDT"]
[Termination "Gabix_94 won on time"]

1. d4 Nf6 2. c4 g6 3. Nc3 Bg7 4. e4 d6 5. f3 O-O 6. Be3 Nc6 7.
Nge2 a6 8. Qd2 Na5 9. Nc1 Nd7 10. b4 Nc6 11. Nb3 Nxb4 12. a4 a5 13. Be2 e5 14. d5 b6 15. O-O Nc5 16. Nxc5 bxc5 17.
Nb5 Bd7 18. Rab1 f5 19. Bg5 Qc8 20. Bh6 Bxb5 21. axb5 Bxh6 22. Qxh6 a4 23. f4 a3 24.
fxe5 a2 25. Rbc1 fxe4 26. Ra1 Rxf1+ 27. Bxf1 dxe5 28. Qd2 Qf5 29. d6 cxd6 30. b6 Qd7 31.
g3 Kg7 32. Bg2 Qc6 33. Qe2 Qxb6 34. Bxe4 Ra7 35. Qf2 Rf7 36. Qd2 Qa5 37. Qc3 Qa4 38.
Qc2 Nxc2 0-1

[Event "Early-Titled-Tuesday-Blitz-March-19-2024"]
[Site "Chess.com"]
[Date "2024.03.19"]
[Round "1"]
[White "GiorgianBarbosa"]
[Black "Firouzja2003"]
[Result "0-1"]
[WhiteElo "2567"]
[BlackElo "3080"]
[TimeControl "180+1"]
[EndTime "8:05:54 PDT"]
[Termination "Firouzja2003 won on time"]

1. c4 Nf6 2. g3 g6 3. Bg2 Bg7 4. Nc3 O-O 5. e4 d6 6. Nge2 c5 7. O-O Nc6 8. d3 a6 9. h3 Rb8 10. Be3 b5 11. b3 e6 12. Rc1 Nd7 13. cxb5 axb5 14. d4 Ba6 15. dxc5 Nxc5 16. b4 Nxb4 17. Nd4 Qd7 18. a3 Nbd3 19. Rc2 b4 20.
axb4 Nxb4 21. Rd2 Bxf1 22. Bxf1 d5 23. Ndb5 Nxe4 24. Nxe4 Rxb5 25. Nc5 Qc6 26. Bxb5 Qxb5 27. Nd3 d4 28. Bf4 e5 29. Bg5 Nd5 30. Kg2 Nc3 31. Qe1 e4 32. Nf4 Qxg5 33. h4 Qg4 34. Qd1 Nxd1 35.
Rxd4 Qf3+ 36. Kh3 Nxf2+ 0-1

[Event "Early-Titled-Tuesday-Blitz-March-19-2024"]
[Site "Chess.com"]
[Date "2024.03.19"]
[Round "1"]
[White "tptagain"]
[Black "zubridis"]
[Result "1-0"]
[WhiteElo "2960"]
[BlackElo "2533"]
[TimeControl "180+1"]
[EndTime "8:05:56 PDT"]
[Termination "tptagain won on time"]

1. Nf3 c5 2. e3 g6 3. d4 Bg7 4. a3 cxd4 5. exd4 Nf6 6. h3 O-O 7.
Bd3 d5 8. O-O Nc6 9. Bg5 Ne4 10.
Be3 Qb6 11. Nc3 Nxc3 12. bxc3 Qc7 13. Re1 Re8 14. Qd2 Bd7 15. Bh6 Bh8 16. Rab1 Rac8 17. Bf4 e5 18. Bg3 b6 19. Ba6 Rcd8 20. Bb5 Na5 21.
Nxe5 Bxb5 22. Nxg6 Qd7 23. Nxh8 1-0

[Event "Early-Titled-Tuesday-Blitz-March-19-2024"]
[Site "Chess.com"]
[Date "2024.03.19"]
[Round "1"]
[White "Kotofeyca"]
[Black "Nuvas"]
[Result "0-1"]
[WhiteElo "2455"]
[BlackElo "2827"]
[TimeControl "180+1"]
[EndTime "8:05:57 PDT"]
[Termination "Nuvas won on time"]

1. d4 d5 2. c4 e6 3. Nc3 c6 4.
cxd5 exd5 5. Nf3 Bd6 6. Bg5 Ne7 7. e3 f6 8. Bh4 Nf5 9. Bg3 Nxg3 10. hxg3 O-O 11. Bd3 g6 12. Qc2 Qe7 13. O-O-O f5 14. Rh6 Nd7 15. Rdh1 Nf6 16. Ng5 Bd7 17. g4 Nxg4 18. Nxh7 Nxh6 19. Nxf8 Qxf8 20. f3 Re8 21. e4 Bf4+ 22. Kb1 Qg7 23. exd5 Qxd4 24. Ne2 Rxe2 25.
Qxe2 cxd5 26. Bc2 Be5 27. Bb3 Bb5 0-1

[Event "Early-Titled-Tuesday-Blitz-March-19-2024"]
[Site "Chess.com"]
[Date "2024.03.19"]
[Round "1"]
[White "Lion-Al-Messi"]
[Black "AlanZhang"]
[Result "1-0"]
[WhiteElo "2623"]
[BlackElo "2238"]
[TimeControl "180+1"]
[EndTime "8:05:57 PDT"]
[Termination "Lion-Al-Messi won by resignation"]

1. e4 e5 2. Nf3 Nc6 3. Bb5 a6 4. Ba4 Nf6 5. O-O Be7 6. d3 b5 7. Bb3 d6 8. a3 O-O 9. Nc3 h6 10. Be3 Na5 11. Ba2 c5 12. Nd5 Nc6 13. c3 Nxd5 14.
Bxd5 Bb7 15. d4 Qc7 16. dxc5 dxc5 17. b4 c4 18. a4 Rfd8 19. axb5 axb5 20. Qe2 Bd6 21. h3 Ne7 22. Bxb7 Qxb7 23. Nd2 Rxa1 24. Rxa1 Ra8 25. Qf1 Ra6 26. Kh2 Qa8 27. Rxa6 Qxa6 28. Qd1 Bc7 29. Qg4 Kh7 30. Qd7 Qd6 31. Qxb5 f5 32.
exf5 Nxf5 33. Nxc4 Qd1 34. Qc6 Qd8 35. Qe4 g6 36. b5 Nxe3 37. Nxe3 Qd7 38. Qd5 e4+ 39. g3 Qe7 40. c4 Qf6 41. Qd7+ Qg7 42. Qxg7+ Kxg7 43. c5 1-0

[Event "Early-Titled-Tuesday-Blitz-March-19-2024"]
[Site "Chess.com"]
[Date "2024.03.19"]
[Round "1"]
[White "Yushko_Olga"]
[Black "only_strong_moves"]
[Result "0-1"]
[WhiteElo "2214"]
[BlackElo "2614"]
[TimeControl "180+1"]
[EndTime "8:05:58 PDT"]
[Termination "only_strong_moves won by resignation"]

1. d4 d5 2. c4 dxc4 3. e3 Nf6 4.
Bxc4 e6 5. Nf3 c5 6. O-O a6 7.
dxc5 Qxd1 8. Rxd1 Bxc5 9. Bb3 Nc6 10. Nc3 Bd7 11. Nd4 O-O-O 12. Bc2 Ba7 13. Nce2 e5 14.
Nxc6 Bxc6 15. Bd2 Ne4 16. Ba5 b6 17. Bb4 a5 18. Bxe4 Bxe4 19. Rac1+ Kb7 20. Bd6 f6 21. Rc7+ Ka8 22. Nc3 Bc2 23. Nb5 Bb8 24. Rc1 Bxc7 25.
Nxc7+ Kb7 26. Nb5 Rc8 27. h4 Bd3 28. Nc3 Rhd8 29. Be7 Rd7 30. Ba3 b5 31. b4 Rc4 32.
Bb2 Rdc7 0-1

[Event "Early-Titled-Tuesday-Blitz-March-19-2024"]
[Site "Chess.com"]
[Date "2024.03.19"]
[Round "1"]
[White "TimGrutter03"]
[Black "Njal28"]
[Result "0-1"]
[WhiteElo "2564"]
[BlackElo "3071"]
[TimeControl "180+1"]
[EndTime "8:05:59 PDT"]
[Termination "Njal28 won by resignation"]

1. e4 e5 2. Nf3 Nc6 3. Bc4 Bc5 4.
d4 Bxd4 5. c3 Bb6 6. b4 Nf6 7. a4 a6 8. O-O O-O 9. Re1 d6 10. Bg5 h6 11. Bh4 g5 12. Nxg5 hxg5 13.
Bxg5 Kg7 14. Qf3 Kg6 15. h4 Bg4 16. Qg3 Qd7 17. Be2 Bxe2 18. Bxf6+ Qg4 19. Qxg4+ Bxg4 20. Bg5 f5 21. exf5+ Rxf5 22. Be3 Bxe3 23. Rxe3 Rf4 24.
Nd2 Raf8 25. f3 Be6 26. g3 R4f7 27. b5 axb5 28. axb5 Ne7 29. g4 Nd5 30. Ree1 Nxc3 31. h5+ Kh6 32. Kg2 Nxb5 33. Rh1 Nd4 34. Raf1 Bd5 0-1

[Event "Early-Titled-Tuesday-Blitz-March-19-2024"]
[Site "Chess.com"]
[Date "2024.03.19"]
[Round "1"]
[White "secretworker2027"]
[Black "RebecaJimnz"]
[Result "1-0"]
[WhiteElo "2641"]
[BlackElo "2268"]
[TimeControl "180+1"]
[EndTime "8:06:02 PDT"]
[Termination "secretworker2027 won by resignation"]

1. e4 c5 2. Nf3 Nc6 3. Nc3 g6 4. Bc4 Bg7 5. O-O e6 6. d4 cxd4 7. Nb5 d6 8. Nbxd4 Nge7 9. Nb5 d5 10. exd5 exd5 11. Bxd5 Nxd5 12. Qxd5 O-O 13. Qxd8 Rxd8 14. Bg5 Rf8 15. c3 Bg4 16. Nd6 Bxf3 17. gxf3 b6 18. Rad1 Ne5 19. Kg2 h6 20. Bf4 g5 21. Bxe5 Bxe5 22. Nf5 Kh7 23. Rd7 Kg6 24. Ne7+ Kf6 25. Rfd1 Rfe8 26. Nd5+ Kg6 27. Rd2 f6 28. Nc7 Bxc7 29.
Rxc7 Re1 30. b4 Ra1 31. Rc6 Re8 32. Rdd6 Rxa2 33. Rxf6+ Kg7 34. Rg6+ Kf7 35. Rcf6+ Ke7 36. Re6+ Kd7 37. Rxe8 Kxe8 38. Rxh6 a5 39. Rxb6 axb4 40.
cxb4 Kf7 41. Kg3 Rb2 42. b5 1-0

[Event "Early-Titled-Tuesday-Blitz-March-19-2024"]
[Site "Chess.com"]
[Date "2024.03.19"]
[Round "1"]
[White "OparinGrigoriy"]
[Black "ChainedDowntohell"]
[Result "1-0"]
[WhiteElo "2977"]
[BlackElo "2536"]
[TimeControl "180+1"]
[EndTime "8:06:03 PDT"]
[Termination "OparinGrigoriy won on time"]

1. Nc3 b6 2. e4 Bb7 3. d4 e6 4. Nf3 Bb4 5. Bd3 Nf6 6. Qe2 d5 7. e5 Ne4 8. Bd2 Nxd2 9. Qxd2 h6 10. O-O Ba6 11. a3 Be7 12. Ne1 c5 13. Bxa6 Nxa6 14.
Ne2 Rc8 15. c3 Qd7 16. f4 f5 17. exf6 Bxf6 18. Nf3 O-O 19. Qd3 Nc7 20. Rad1 Nb5 21.
dxc5 Rxc5 22. Rfe1 Nd6 23. Ned4 Re8 24. Re2 Ne4 25. Nb3 Qa4 26. Nxc5 bxc5 27. g3 Rb8 28. Kg2 g5 29. fxg5 hxg5 30. h3 Kg7 31. Rf1 Qc6 32.
Kh2 Rh8 33. Nd2 g4 34. Nxe4 Rxh3+ 35. Kg2 dxe4 36. Qxe4 Qxe4+ 37. Rxe4 Bg5 38. Rxg4 1-0

[Event "Early-Titled-Tuesday-Blitz-March-19-2024"]
[Site "Chess.com"]
[Date "2024.03.19"]
[Round "1"]
[White "Casper"]
[Black "Alen_Yeremyann"]
[Result "1/2-1/2"]
[WhiteElo "2470"]
[BlackElo "2823"]
[TimeControl "180+1"]
[EndTime "8:06:03 PDT"]
[Termination "Game drawn by repetition"]

1. Nf3 Nf6 2. b3 g6 3. Bb2 Bg7 4. g3 O-O 5. Bg2 d5 6. O-O c5 7.
d4 Ne4 8. Nbd2 Nc6 9. e3 Bf5 10. Qc1 Rc8 11. dxc5 e5 12. Nxe4 Bxe4 13. Rd1 Qe7 14. c4 Rfd8 15. cxd5 Rxd5 16. Qc4 Bxf3 17. Bxf3 Rxc5 18. Qa4 Rc2 19. Ba3 Qf6 20. Qe4 Nd8 21.
Rd6 Ne6 22. h4 b6 23. Rad1 h5 24. Rd7 Rxa2 25. Be7 Qf5 26. Qxf5 gxf5 27. Bxh5 Rcc2 28. Bb4 Rxf2 29. Bxf7+ Kh8 30. Bxe6 Rg2+ 31. Kh1 Rh2+ 32. Kg1 Rag2+ 33. Kf1 Rf2+ 34. Kg1 Rfg2+ 35. Kf1 Rf2+ 36. Kg1 Rfg2+ 1/2-1/2

[Event "Early-Titled-Tuesday-Blitz-March-19-2024"]
[Site "Chess.com"]
[Date "2024.03.19"]
[Round "1"]
[White "marcodobrikov"]
[Black "HanSchut"]
[Result "1-0"]
[WhiteElo "2672"]
[BlackElo "2327"]
[TimeControl "180+1"]
[EndTime "8:06:04 PDT"]
[Termination "marcodobrikov won by resignation"]

1. d4 Nf6 2. Bg5 d5 3. Bxf6 exf6 4. e3 Bd6 5. c4 dxc4 6. Bxc4 O-O 7. Nc3 c6 8. Nge2 f5 9. O-O Qe7 10. g3 Nd7 11. a3 Nf6 12. b4 Be6 13. Qb3 Bxc4 14. Qxc4 Ne4 15. Rfd1 Nxc3 16. Nxc3 h5 17. h4 g5 18.
hxg5 Qxg5 19. d5 Be5 20. dxc6 Bxc3 21. cxb7 Rab8 22. Qxc3 h4 23. Rd7 hxg3 24. Qe5 gxf2+ 25. Kxf2 Rfe8 26. Qxe8+ Rxe8 27. Rg1 Qxg1+ 28. Kxg1 Rb8 29. Rc7 Kg7 30. a4 Kf6 31. a5 a6 32. b5 axb5 33. a6 b4 34. a7 Rg8+ 35. Kf2 b3 36. b8=Q b2 37. a8=Q b1=Q 38. Rc6+ Ke7 39. Qxg8 1-0

[Event "Early-Titled-Tuesday-Blitz-March-19-2024"]
[Site "Chess.com"]
[Date "2024.03.19"]
[Round "1"]
[White "Boundless_Strike"]
[Black "Navyblue1"]
[Result "1-0"]
[WhiteElo "2616"]
[BlackElo "2214"]
[TimeControl "180+1"]
[EndTime "8:06:06 PDT"]
[Termination "Boundless_Strike won by resignation"]

1. d4 Nf6 2. f3 d5 3. e4 dxe4 4.
Nc3 exf3 5. Nxf3 c6 6. Bc4 e6 7.
O-O Be7 8. Qe1 O-O 9. Bd3 Nbd7 10. Qh4 Re8 11. Bg5 Nf8 12. Ne5 Ng6 13. Bxg6 fxg6 14.
Rf3 Nh5 15. Bxe7 Qxe7 16. Qxe7 Rxe7 17. Ne4 Bd7 18. Raf1 Rb8 19. g4 Nf6 20. Rxf6 gxf6 21. Nxd7 Rxd7 22. Nxf6+ Kg7 23. Nxd7 Rd8 24. Nc5 Rxd4 25.
Nxe6+ 1-0

[Event "Early-Titled-Tuesday-Blitz-March-19-2024"]
[Site "Chess.com"]
[Date "2024.03.19"]
[Round "1"]
[White "GlavkonVVS"]
[Black "Fjal"]
[Result "1-0"]
[WhiteElo "2684"]
[BlackElo "2343"]
[TimeControl "180+1"]
[EndTime "8:06:07 PDT"]
[Termination "GlavkonVVS won by checkmate"]

1. c4 d6 2. Nc3 e5 3. g3 Nf6 4. Bg2 g6 5. d3 Bg7 6. Nf3 O-O 7.
O-O Re8 8. Rb1 Nc6 9. b4 e4 10. dxe4 Nxe4 11. Nxe4 Rxe4 12. b5 Na5 13. c5 Bf5 14.
cxd6 Qxd6 15. Qxd6 cxd6 16. Bd2 Nc4 17. e3 Nxd2 18.
Nxd2 Ra4 19. Rbc1 Rxa2 20. Nc4 Bd3 21. Rfd1 Bxc4 22. Rxc4 a5 23. Bxb7 Rb8 24. Bd5 Rb2 25.
Rc7 R2xb5 26. Bxf7+ Kh8 27. Rxd6 Be5 28. Rcc6 Bxd6 29.
Rxd6 a4 30. Ra6 Rb4 31. Bd5 Rc8 32. Kg2 Rc3 33. Kf3 a3 34. g4 g5 35. h4 gxh4 36.
g5 Rb2 37. Ra8+ Kg7 38. Rg8# 1-0

[Event "Early-Titled-Tuesday-Blitz-March-19-2024"]
[Site "Chess.com"]
[Date "2024.03.19"]
[Round "1"]
[White "GOGIEFF"]
[Black "Lovetov"]
[Result "1/2-1/2"]
[WhiteElo "3001"]
[BlackElo "2559"]
[TimeControl "180+1"]
[EndTime "8:06:09 PDT"]
[Termination "Game drawn by repetition"]

1. d4 Nf6 2. Nf3 g6 3. c4 Bg7 4. Nc3 d5 5. cxd5 Nxd5 6. Bd2 O-O 7. Rc1 Nxc3 8. Bxc3 Qd5 9. Qb3 Qxb3 10. axb3 c6 11. e3 Nd7 12. Bc4 Nb6 13. Bd3 Be6 14. b4 Bc4 15.
Ke2 Rfd8 16. Bxc4 Nxc4 17. Rhd1 Nd6 18. Nd2 Nb5 19. Nb3 e5 20. dxe5 Nxc3+ 21. bxc3 Bxe5 22. Rxd8+ Rxd8 23. h3 Kf8 24. Nd4 Ke7 25. Ra1 a6 26. g4 Bxd4 27. cxd4 Rd5 28. Ra5 Rxa5 29. bxa5 Kd6 30.
Kd3 c5 31. Kc4 cxd4 32. exd4 Kc6 33. d5+ Kd6 34. Kd4 g5 35. f3 Kd7 36. Kc5 Kc7 37. d6+ Kd7 38. Kd5 Kd8 39. Kc5 Kd7 40. Kb6 Kxd6 41. Kxb7 Kc5 42. Kxa6 Kc6 43. Ka7 Kc7 44.
Ka6 Kc6 45. Ka7 Kc7 46. Ka6 Kc6 1/2-1/2

[Event "Early-Titled-Tuesday-Blitz-March-19-2024"]
[Site "Chess.com"]
[Date "2024.03.19"]
[Round "1"]
[White "KVAIDAN"]
[Black "Fh2411"]
[Result "1-0"]
[WhiteElo "2324"]
[BlackElo "2643"]
[TimeControl "180+1"]
[EndTime "8:06:09 PDT"]
[Termination "KVAIDAN won by resignation"]

1. f4 d5 2. Nf3 Bf5 3. e3 e6 4. b3 Nf6 5. Bb2 Nbd7 6. Be2 Bd6 7. O-O Qe7 8. Ne5 h6 9. a4 a6 10. d3 Rg8 11. Bf3 g5 12. Nd2 g4 13. Be2 h5 14. c4 O-O-O 15. Qc2 Kb8 16. Rfc1 Bc5 17. Bd4 Nxe5 18. fxe5 Bxd4 19. exd4 Nh7 20. c5 f6 21. b4 Qg7 22. b5 a5 23. b6 fxe5 24. Qc3 c6 25.
Qxa5 exd4 26. Qa7+ Kc8 27. Qa8+ Kd7 28. Qxb7+ Ke8 29.
Qxc6+ Qd7 30. Qxd7+ Kxd7 31. c6+ Kd6 32. c7 Rc8 33.
Nb3 Nf6 34. Nxd4 Nd7 35. Nb5+ Ke7 36. b7 Ne5 37. bxc8=Q Rxc8 38. Na7 1-0

[Event "Early-Titled-Tuesday-Blitz-March-19-2024"]
[Site "Chess.com"]
[Date "2024.03.19"]
[Round "1"]
[White "temus_galaktionov"]
[Black "malakismayil"]
[Result "1-0"]
[WhiteElo "2878"]
[BlackElo "2498"]
[TimeControl "180+1"]
[EndTime "8:06:11 PDT"]
[Termination "temus_galaktionov won on time"]

1. d4 d5 2. c4 e6 3. Nf3 Nf6 4. Nc3 Bb4 5. cxd5 exd5 6. Bg5 O-O 7. e3 h6 8. Bxf6 Qxf6 9. Bd3 c6 10. O-O Bd6 11.
e4 dxe4 12. Nxe4 Qd8 13. Re1 Bg4 14. h3 Bh5 15. Qb3 Bxf3 16. gxf3 b6 17. Rac1 Bf4 18. Rcd1 Qxd4 19. Bb1 Qe5 20. Qc2 g6 21. Kg2 c5 22.
Ng3 Qg5 23. Qe4 Na6 24. Rd5 Qh4 25. Rd7 Bxg3 26. fxg3 Qxe4 27. Bxe4 Rae8 28. Rxa7 Nb4 29. a3 Nd3 30. Re2 Ne5 31. Rb7 Re6 32. Bd5 Ree8 33. Rxb6 Kg7 34. Rb7 Kh7 35. b3 Kg7 36. a4 1-0

[Event "Early-Titled-Tuesday-Blitz-March-19-2024"]
[Site "Chess.com"]
[Date "2024.03.19"]
[Round "1"]
[White "Muslim_player_05"]
[Black "alexrustemov"]
[Result "0-1"]
[WhiteElo "2494"]
[BlackElo "2873"]
[TimeControl "180+1"]
[EndTime "8:06:11 PDT"]
[Termination "alexrustemov won by resignation"]

1. d4 d5 2. c4 c6 3. Nf3 Nf6 4. g3 dxc4 5. Bg2 b5 6. a4 Bb7 7. O-O e6 8. Ne5 a6 9. Nc3 Nd5 10. e4 Nxc3 11. bxc3 Nd7 12. f4 Be7 13. Qg4 O-O 14.
f5 exf5 15. exf5 Nf6 16. Qe2 Nd5 17. Bd2 c5 18. axb5 axb5 19. Rxa8 Bxa8 20. dxc5 Bxc5+ 21.
Kh1 Re8 22. Rd1 f6 23. Bf4 fxe5 24. Bxe5 Qd7 25. Qa2 Bc6 26. Bf4 Nxf4 0-1

[Event "Early-Titled-Tuesday-Blitz-March-19-2024"]
[Site "Chess.com"]
[Date "2024.03.19"]
[Round "1"]
[White "martinmena"]
[Black "arenal72"]
[Result "0-1"]
[WhiteElo "2278"]
[BlackElo "2651"]
[TimeControl "180+1"]
[EndTime "8:06:12 PDT"]
[Termination "arenal72 won on time"]

1. c4 e6 2. g3 d5 3. Bg2 dxc4 4. Qa4+ Nd7 5. Qxc4 a6 6. Nf3 b5 7. Qc2 Bb7 8. O-O Ngf6 9. d3 c5 10. b3 Be7 11. Bb2 O-O 12. Nbd2 Qb6 13. Rac1 Rac8 14. Qb1 Rfd8 15. Rfd1 h6 16. Nf1 Nd5 17. Ne5 Nxe5 18. Bxe5 Bf6 19. Bxf6 Nxf6 20. Bxb7 Qxb7 21. Ne3 Nd5 22.
Nxd5 exd5 23. Qb2 d4 24. Rc2 Qd5 25. Rdc1 h5 26. Qa3 b4 27. Qxa6 h4 28. Qc4 Qe5 29. gxh4 Rd6 30. Kh1 Rh6 31. Rg1 Rxh4 32. Rg3 Rc6 33. e4 Rch6 34. f4 Qxf4 35. Rgg2 Rxh2+ 0-1